 Dungeon Crawl Stone Soup version 0.20-a0-186-g67c1175 (webtiles) character file.

605323 Ryco the Invulnerable (level 25, -8/243 HPs)
             Began as a Minotaur Berserker on Nov 3, 2016.
             Was the Champion of the Shining One.
             Mangled by Wantamn the pandemonium lord (52 damage)
             ... in Pandemonium on Nov 23, 2016.
             The game lasted 05:43:51 (28795 turns).

Ryco the Invulnerable (Minotaur Berserker)         Turns: 28795, Time: 05:43:52

Health: -8/243     AC: 43    Str: 36    XL:     25   Next: 47%
Magic:  0/29       EV: 20    Int:  4    God:    the Shining One [******]
Gold:   3209       SH:  0    Dex: 16    Spells: 26/31 levels left

rFire  + . .     SeeInvis .     a - +9 executioner's axe (holy)
rCold  + . .     Gourm    +     R - +0 gold dragon scales
rNeg   + + +     Faith    .     (shield currently unavailable)
rPois  +         Spirit   +     r - +0 hat {Spirit}
rElec  +         Reflect  .     X - +2 cloak {MR+}
rCorr  .         Harm     .     g - +1 pair of gloves "Myurhuc" {Int-5 Dex+10}
MR     ++...                    B - +3 pair of boots of Jioro {+Blink rN+ Int+4 Dex-5}
Stlth  ..........               V - amulet of Qazlal's Indignation {Gourm +Blink rElec Str+4}
                                u - +3 ring of slaying
                                N - +4 ring of protection

@: about to teleport, glowing
A: retaliatory headbutt, horns 2
}: 5/15 runes: serpentine, barnacled, silver, abyssal, fiery
a: Divine Shield, Cleansing Flame, Summon Divine Warrior, Renounce Religion,
Evoke Blink


You were in Pandemonium.
You worshipped the Shining One.
The Shining One was exalted by your worship.
You were not hungry.

You visited 9 branches of the dungeon, and saw 44 of its levels.
You visited Pandemonium 1 time, and saw 27 of its levels.
You visited the Abyss 1 time.
You visited 1 bazaar.
You also visited: Labyrinth, Trove, Bailey and Ice Cave.

You collected 5346 gold pieces.
You spent 2137 gold pieces at shops.

Inventory:

Hand Weapons
 a - a +9 executioner's axe of holy wrath (weapon)
 b - a +4 arbalest of electrocution
Missiles
 H - 527 bolts
Armour
 g - the +1 pair of gloves "Myurhuc" (worn) {Int-5 Dex+10}
   (You acquired it on level 2 of the Vaults)

   It affects your intelligence (-5).
   It affects your dexterity (+10).
 r - a +0 hat of spirit shield (worn)
 B - the +3 pair of boots of Jioro (worn) {+Blink rN+ Int+4 Dex-5}
   (You found it on level 5 of the Vaults)

   It affects your intelligence (+4).
   It affects your dexterity (-5).
   It protects you from negative energy.
   It lets you blink.
 E - a +3 crystal plate armour
 R - +0 gold dragon scales (worn)
 X - a +2 cloak of magic resistance (worn)
Jewellery
 t - an uncursed ring of protection from fire
 u - a +3 ring of slaying (right hand)
 N - a +4 ring of protection (left hand)
 S - an uncursed ring of resist corrosion
 V - the amulet of Qazlal's Indignation (around neck) {Gourm +Blink rElec Str+4}
   (You took it off an orc on level 12 of the Dungeon)

   [amulet of the gourmand]

   It allows you to eat raw meat even when not hungry.
   It affects your strength (+4).
   It insulates you from electricity.
   It lets you blink.
Wands
 f - a wand of digging (16/24)
 G - a wand of teleportation (1/9)
 K - a wand of disintegration (3/24)
 M - a wand of heal wounds (2/9)
Scrolls
 e - 2 scrolls of magic mapping
 h - 4 scrolls of fear
 i - 7 scrolls of amnesia
 j - 14 scrolls of remove curse
 k - 4 scrolls of recharging
 n - 10 scrolls of fog
 s - 10 scrolls of teleportation
 x - 8 scrolls of blinking
 y - a scroll of holy word
 F - 2 scrolls of identify
 I - 4 scrolls of immolation
 P - 5 scrolls of noise
Potions
 d - 7 potions of brilliance
 m - 7 potions of magic
 p - 17 potions of curing
 q - a potion of might
 v - 2 potions of ambrosia
 w - 2 potions of cure mutation
 A - 4 potions of resistance
 O - 4 potions of haste
 Q - 6 potions of lignification
 T - 9 potions of flight
 Y - 2 potions of agility
 Z - 4 potions of cancellation
Miscellaneous
 z - a phial of floods
 C - a lamp of fire
 D - a phantom mirror
 L - a fan of gales
Comestibles
 c - 26 bread rations
 l - 31 fruits
 o - 13 meat rations


   Skills:
 + Level 23.2 Fighting
 O Level 27 Axes
   Level 1.3(18.7) Maces & Flails
 + Level 1.6 Crossbows
 + Level 0.4 Throwing
 O Level 27 Armour
 * Level 17.8 Dodging
 - Level 3.7 Spellcasting
 - Level 4.1 Translocations
 + Level 10.5 Invocations
 + Level 8.3 Evocations


You had 26 spell levels left.
You knew the following spells:

 Your Spells              Type           Power        Failure   Level  Hunger
a - Apportation           Tloc           #.........   30%         1    ##.....
b - Repel Missiles        Chrm/Air       #.....       100%        2    ###....
c - Blink                 Tloc           N/A          45%         2    ###....


Dungeon Overview and Level Annotations

Branches:
Dungeon (15/15)            Temple (1/1) D:6            Lair (5/6) D:8
 Shoals (4/4) Lair:3        Snake (4/4) Lair:4          Orc (2/2) D:12
    Elf (0/3) Orc:2        Vaults (5/5) D:14          Crypt (3/3) Vaults:3
 Depths (5/5) D:15
  Slime: Lair:5-6      Tomb: Crypt:3        Zot: Depths:5

Altars:
Ashenzari
Cheibriados
Fedhas
Hepliaklqana
Kikubaaqudgha
Makhleb
Nemelex Xobeh
Okawaru
Qazlal
Ru
Sif Muna
Uskayaw
Vehumet
Xom
Yredelemnul
The Shining One
Lugonu

Shops:
D:4 %   D:7 [???   D:12 (   D:13 !   Orc:2 (=%*   Shoals:3 :   Snake:3 }
Vaults:1 :   Vaults:5 (

Portals:
Hell: Depths:1 Depths:3 Depths:4
Abyss: Depths:1 Depths:4
Pandemonium: Depths:3
Ziggurat: Depths:3

Annotations:
Orc:2 Sonja


Innate Abilities, Weirdness & Mutations

You reflexively headbutt those who attack you in melee.
You have a pair of horns on your head.


Message History

You slice the Executioner!!
The Executioner convulses!!
You headbutt the Executioner.
You kill the Executioner!
The Shining One accepts your kill.
You feel better.
Unknown command.
You barely miss Wantamn. Your headbutt misses Wantamn.
Wantamn is heavily wounded.
Wantamn hits you!!! Space warps horribly around you!
* * * LOW HITPOINT WARNING * * *
Unknown command.
Evoke which item? (* to show all) (? for menu, Esc to quit)
Zapping:
M - a wand of heal wounds (3/9)
Press: ? - help, Shift-Dir - straight line, f - you You feel much better.
This wand has 2 charges left.
Wantamn hits you!!!
* * * LOW HITPOINT WARNING * * *
You feel strangely unstable.
Wantamn sneers, "Get thee gone if wit thou hast!"
Wantamn hits you!!!
You die...

### ## #∩# ### #}
#.# #%# #. #.# #.#
#. #@#
#########.###.##&#.#
..........A1&6..1..#
.....####.###.##.#.#
###.## #.# #. #.#.#
#.# #[# #. #.# # #.#
### #$ #.# #.. ##
#∩# ### ###


You could see Wantamn and an Executioner.

Vanquished Creatures
  An ancient lich (Vaults:5)
  Khufu (Crypt:1)
  2 greater mummies (Crypt:1)
  6 pandemonium lords (Pan)
  Frederick (Vaults:2)
  5 golden dragons
  A profane servitor (Depths:1)
  the Enchantress (Depths:2)
  Nikola (Snake:1)
  5 Brimstone Fiends (Pan)
  A Tzitzimitl (Pan)
  6 tentacled monstrosities
  Rupert (D:13)
  A shard shrike zombie (Crypt:2)
  4 Hell Sentinels (Pan)
  2 Ice Fiends (Pan)
  5 titans (Vaults:5)
  Polyphemus (Shoals:3)
  4 sphinxes
  An ancient champion (Crypt:1)
  The ghost of Oroborous the Warrior, an adept DsWr of Kikubaaqudgha (Snake:3)
  2 tentacled starspawn (Abyss:3)
  Gastronok (Lair:2)
  12 Executioners (Pan)
  11 tengu reavers
  2 storm dragons
  3 shadow dragons
  A thorn hunter (Depths:2)
  Kirke (D:13)
  A revenant (Crypt:2)
  Ilsuiw (Shoals:4)
  12 fire giants
  14 daevas (Pan)
  12 nagarajas
  9 frost giants
  2 deep elf sorcerers
  20 vault wardens
  19 balrugs
  7 cacodemons (Pan)
  2 orc warlords
  4 black suns (Pan)
  4 warmongers (Pan)
  3 ghouls (Crypt:2)
  4 iron dragons
  4 spriggan defenders
  3 deep elf elementalists
  A reaper (Crypt:2)
  6 angels
  14 ironheart preservers
  2 deep elf demonologists
  A war gargoyle (Vaults:5)
  4 vampire knights
  4 entropy weavers
  22 stone giants
  5 very ugly things
  2 corrupters (Pan)
  3 ophanim (Pan)
  6 blood saints (Pan)
  9 apis (Pan)
  5 lorocyprocas (Pan)
  A deep elf annihilator (Vaults:5)
  A yellow draconian (Abyss:2)
  2 pearl dragon zombies (Depths:1)
  15 ettins
  5 blizzard demons
  4 jiangshi
  4 eidola
  A crystal guardian (Vaults:5)
  Snorg (Lair:3)
  8 merfolk javelineers
  8 green deaths (Pan)
  6 fire dragons
  12 yaktaur captains
  A deep elf high priest (Vaults:5)
  7 merfolk impalers
  A minotaur (Lab)
  32 vault guards
  9 naga warriors
  6 great orbs of eyes
  2 hell beasts
  2 spriggan air magi (Depths:3)
  8 rakshasas
  10 ogre magi
  3 monstrous demonspawn (Pan)
  A catoblepas (Shoals:3)
  Erica (D:10)
  2 satyrs (Shoals:4)
  8 ice dragons
  4 merfolk avatars
  4 hydras
  7 merfolk aquamancers
  The ghost of miasmata the Cleaver, a novice MiFi of Elyvilon (Bailey)
  13 anacondas
  2 death knights
  7 centaur warriors
  An alligator snapping turtle (Shoals:4)
  A tengu warrior (Depths:2)
  3 deep troll shamans
  5 orc high priests (Orc:2)
  4 death yaks (Shoals:3)
  14 naga sharpshooters
  A deep troll earth mage (Vaults:5)
  6 vampire magi
  3 hell hogs (Depths:1)
  Nergalle (D:12)
  A storm dragon zombie (Depths:2)
  2 deep elf knights
  Urug (D:12)
  4 wretched stars (Abyss:3)
  31 sun demons (Pan)
  2 spriggans (Depths:4)
  4 shock serpents
  6 skeletal warriors
  8 soul eaters
  7 hell knights (Depths:3)
  12 sea snakes
  3 salamander mystics
  2 flayed ghosts
  5 cherubim (Pan)
  12 deep trolls
  2 shadow demons (Pan)
  A ghost moth zombie (Crypt:1)
  A spatial maelstrom (Abyss:3)
  4 unseen horrors
  4 iron trolls
  11 sixfirhies (Pan)
  3 deep elf archers
  5 torturous demonspawn (Pan)
  2 spriggan druids (Depths:2)
  A glowing orange brain (Vaults:2)
  3 gelid demonspawn (Pan)
  A shambling mangrove (Depths:2)
  16 hill giants
  19 harpies
  3 naga ritualists
  13 ironbrand convokers
  16 orc knights
  3 necromancers
  9 phantasmal warriors
  6 mana vipers
  An orc sorcerer (Orc:1)
  A wolf spider (shapeshifter) (Depths:4)
  3 salamanders
  An iron dragon zombie (Crypt:1)
  A manticore (shapeshifter) (Vaults:2)
  2 fauns (Shoals:3)
  A wolf spider (Vaults:2)
  A cyclops (shapeshifter) (Vaults:5)
  15 deep elf magi
  27 ugly things
  8 manticores
  A worldbinder (Abyss:2)
  A salamander (shapeshifter) (Vaults:5)
  A fire giant zombie (Depths:4)
  A moth of wrath (shapeshifter) (D:15)
  Maurice (D:12)
  A fire giant skeleton (Crypt:1)
  2 frost giant skeletons
  8 merfolk sirens
  12 naga magi
  2 centaur zombies (D:12)
  2 water nymphs
  3 cyclopes
  8 guardian serpents
  13 smoke demons
  22 black mambas
  A guardian serpent (shapeshifter) (Vaults:1)
  An ice statue (IceCv)
  9 vault sentinels
  A gargoyle (D:14)
  19 large abominations
  13 orange demons
  4 apis skeletons (Depths:1)
  2 rust devils (Pan)
  4 hellions
  A kobold demonologist (D:15)
  3 spiny frogs
  A centaur skeleton (D:12)
  An emperor scorpion zombie (Crypt:1)
  11 hellwings (Pan)
  4 freezing wraiths
  54 yaktaurs
  7 efreet
  A tormentor (Pan)
  21 red devils
  4 ancient zymes
  11 trolls
  8 ice devils
  A tengu conjurer (Depths:2)
  An anaconda simulacrum (IceCv)
  2 jumping spiders (Vaults:5)
  6 polar bears
  A shadow dragon simulacrum (Depths:2)
  29 merfolk
  A troll (shapeshifter) (Depths:1)
  16 two-headed ogres
  6 hornets
  4 wind drakes (Shoals:4)
  A hippogriff (shapeshifter) (Vaults:4)
  15 slime creatures
  A frost giant simulacrum (Depths:2)
  3 raiju
  A satyr zombie (Crypt:2)
  A blink frog (shapeshifter) (Depths:3)
  A meliai zombie (D:15)
  3 hippogriffs
  4 redbacks
  5 snapping turtles (Shoals:4)
  3 air elementals (Depths:3)
  23 water elementals
  An alligator skeleton (Abyss:3)
  18 flying skulls
  4 shadows
  4 dire elephant simulacra (IceCv)
  A tarantella (Vaults:5)
  23 yaks
  15 ynoxinuls
  2 wraiths
  A wyvern (D:12)
  A human (shapeshifter) (Vaults:3)
  A hog (shapeshifter) (Depths:1)
  4 hogs (D:13)
  8 basilisks
  A fire bat (shapeshifter) (Depths:4)
  Grum (D:10)
  11 neqoxecs
  A hungry ghost (D:10)
  8 chaos spawn
  4 vampire mosquitoes (D:13)
  An emperor scorpion simulacrum (Crypt:1)
  Menkaure (D:7)
  2 acid dragons (Vaults:2)
  A death yak simulacrum (IceCv)
  An iron troll simulacrum (IceCv)
  4 wargs
  A monstrous demonspawn zombie (Crypt:1)
  5 harpy simulacra (IceCv)
  48 nagas
  2 small abominations (Abyss:3)
  4 water moccasins
  4 hydra simulacra (IceCv)
  An orb spider zombie (Crypt:2)
  7 porcupines
  A floating eye (D:12)
  13 black bears
  4 sky beasts
  A swamp drake (Orc:2)
  56 orc warriors
  An alligator simulacrum (IceCv)
  8 ice beasts
  An ettin simulacrum (Vaults:3)
  60 ogres
  3 phantoms
  5 boggarts (Depths:2)
  3 wolves (D:10)
  28 centaurs
  13 crocodiles
  3 eyes of draining (shapeshifter)
  A lindwurm skeleton (Crypt:2)
  3 big kobolds
  10 bullfrogs
  4 gnoll sergeants (D:12)
  A wyvern zombie (D:10)
  A wyvern skeleton (D:10)
  4 scorpions
  A warg skeleton (Crypt:1)
  An elephant simulacrum (IceCv)
  An elf simulacrum (Vaults:2)
  4 killer bees (D:10)
  A raiju skeleton (Crypt:1)
  9 wights
  2 electric eels (D:13)
  4 howler monkeys
  8 crimson imps
  A bullfrog zombie (D:12)
  28 starcursed masses (Abyss:3)
  5 draconian simulacra (IceCv)
  2 quasits
  30 orc priests
  3 jellies
  6 hounds
  An iron imp (Orc:2)
  15 orc wizards
  5 bullfrog skeletons
  Ijyb (D:2)
  11 iguanas
  A polar bear simulacrum (IceCv)
  11 worker ants
  5 troll simulacra (IceCv)
  2 spriggan simulacra (IceCv)
  A hound zombie (D:10)
  2 hound skeletons
  A mummy (Crypt:1)
  6 gnolls
  2 howler monkey skeletons
  A naga simulacrum (IceCv)
  8 adders
  4 river rats (D:8)
  7 shadow imps
  10 white imps
  4 ufetubi (IceCv)
  2 oozes
  An adder zombie (D:7)
  An adder skeleton (D:8)
  4 worms
  A dart slug (D:4)
  4 leopard geckos
  103 orcs
  7 bats
  8 giant cockroaches
  9 goblins
  4 hobgoblins
  10 jackals
  3 quokkas
  5 frilled lizards
  A jackal skeleton (D:7)
  23 kobolds
  2 kobold zombies
  A leopard gecko skeleton (D:8)
  7 rats
  4 briar patches (Depths:2)
  A lurking horror (Abyss:3)
  11 plants
  A starspawn tentacle (Abyss:3)
2030 creatures vanquished.

Vanquished Creatures (collateral kills)
  Cerebov (Pan)
  A merfolk aquamancer (Shoals:4)
  An alligator snapping turtle (Shoals:3)
  A vault guard (Vaults:5)
  A spiny frog (shapeshifter) (Vaults:5)
  An efreet (Pan)
  2 merfolk (Shoals:3)
8 creatures vanquished.

Vanquished Creatures (others)
  A merfolk impaler (Shoals:4)
  A yaktaur captain (Vaults:5)
  A deep elf mage (Vaults:5)
  2 smoke demons (Pan)
  A yaktaur (Vaults:5)
  A human (D:15)
  An ogre (D:15)
  An orc wizard (Orc:2)
  2 white imps (IceCv)
  4 ufetubi (IceCv)
  3 orcs (Orc:2)
  2 briar patches (Depths:2)
  A lurking horror (Abyss:2)
  7 plants
  3 starspawn tentacles (Abyss:3)
31 creatures vanquished.

Grand Total: 2069 creatures vanquished

Notes
Turn   | Place    | Note
-------+----------+-------------------------------------------
     0 | D:1      | Ryco the Minotaur Berserker began the quest for the Orb.
     0 | D:1      | Reached XP level 1. HP: 19/19 MP: 0/0
   205 | D:1      | Reached XP level 2. HP: 27/27 MP: 1/1
   659 | D:2      | Reached ** piety under Trog
   675 | D:2      | Reached XP level 3. HP: 14/33 MP: 2/2
   769 | D:2      | Noticed Ijyb
   781 | D:2      | Killed Ijyb
   826 | D:2      | Found a faded altar of an unknown god.
   826 | D:2      | Found a faded altar of an unknown god.
  1033 | D:3      | Noticed an ogre
  1125 | D:3      | Reached skill level 5 in Axes
  1128 | D:3      | Reached XP level 4. HP: 41/41 MP: 3/3
  1151 | D:3      | Found a sacrificial altar of Ru.
  1221 | D:3      | Killed an ogre
  1221 | D:3      | Reached XP level 5. HP: 47/47 MP: 4/4
  1364 | D:4      | Reached skill level 5 in Fighting
  1366 | D:4      | Reached XP level 6. HP: 56/56 MP: 5/5
  1471 | D:4      | Found Xesig's Food Boutique.
  1483 | D:4      | Reached *** piety under Trog
  1676 | D:4      | Reached XP level 7. HP: 40/61 MP: 6/6
  1778 | D:5      | Entered Level 5 of the Dungeon
  2338 | D:6      | Reached XP level 8. HP: 70/70 MP: 7/7
  2464 | D:6      | Reached skill level 10 in Axes
  2532 | D:6      | Reached **** piety under Trog
  2540 | D:6      | Found a staircase to the Ecumenical Temple.
  2854 | D:7      | Found Nyjez's Magic Scroll Shop.
  2858 | D:7      | Noticed Menkaure
  2867 | D:7      | Killed Menkaure
  2898 | D:7      | Got a diamond-studded leather armour
  2910 | D:7      | Identified the +2 leather armour "Etto" {rCorr Slay+2} (You found it on level 7 of the Dungeon)
  2935 | D:7      | Bought a scroll of teleportation for 33 gold pieces
  2935 | D:7      | Found Vil Ecef's Magic Scroll Boutique.
  2937 | D:7      | Received a gift from Trog
  2937 | D:7      | Reached skill level 5 in Armour
  2945 | D:7      | Bought a scroll of blinking for 112 gold pieces
  2945 | D:7      | Bought a scroll of teleportation for 45 gold pieces
  3010 | D:7      | Found Vihoet's Magic Scroll Boutique.
  3018 | D:7      | Bought a scroll of teleportation for 42 gold pieces
  3018 | D:7      | Bought a scroll of fog for 28 gold pieces
  3072 | D:7      | You fall through a shaft for 2 floors!
  3085 | D:9      | Found Bisam's General Store.
  3106 | D:9      | Noticed a merfolk
  3118 | D:9      | Noticed a hippogriff
  3159 | D:9      | Killed a hippogriff
  3159 | D:9      | Reached XP level 9. HP: 39/79 MP: 8/8
  3337 | D:8      | Found a staircase to the Lair.
  3608 | D:7      | Found Yrchuhi's Armour Emporium.
  3729 | D:8      | Reached skill level 10 in Armour
  3729 | D:8      | Reached XP level 10. HP: 80/90 MP: 9/9
  4541 | D:10     | Entered Level 10 of the Dungeon
  4746 | D:10     | Reached XP level 11. HP: 61/97 MP: 10/10
  4812 | D:10     | Noticed Erica
  4819 | D:10     | Killed Erica
  4929 | D:10     | Noticed a hill giant
  4941 | D:10     | Killed a hill giant
  4944 | D:10     | Noticed Grum
  4950 | D:10     | Killed Grum
  5234 | D:11     | Reached XP level 12. HP: 50/106 MP: 11/11
  5603 | D:11     | Reached ***** piety under Trog
  5649 | D:12     | Noticed Urug
  5662 | D:12     | Killed Urug
  5662 | D:12     | Reached skill level 10 in Fighting
  5673 | D:12     | Found Uggy's Weapon Boutique.
  5726 | D:12     | Noticed Nergalle
  5768 | D:12     | Killed Nergalle
  5769 | D:12     | Found a gateway to a bazaar.
  5801 | Bazaar   | Entered a bazaar
  5801 | Bazaar   | Found Enuoh's Jewellery Shoppe.
  5801 | Bazaar   | Found Amnymauc's Book Emporium.
  5805 | Bazaar   | Found Seiplek's General Store.
  5819 | Bazaar   | Found Foah's Food Emporium.
  5870 | D:12     | Noticed Maurice
  5900 | D:12     | Killed Maurice
  5998 | D:12     | Noticed a four-headed hydra
  6003 | D:12     | Killed a four-headed hydra
  6010 | D:12     | Paralysed by a floating eye for 3 turns
  6034 | D:12     | Reached skill level 1 in Maces & Flails
  6047 | D:12     | Got a scorched copper amulet
  6051 | D:12     | Identified the amulet of Qazlal's Indignation {Gourm +Blink rElec Str+4} (You took it off an orc on level 12 of the Dungeon)
  6194 | D:12     | Reached skill level 15 in Axes
  6267 | D:12     | Found a staircase to the Orcish Mines.
  6419 | Orc:1    | Entered Level 1 of the Orcish Mines
  6630 | Orc:2    | Entered Level 2 of the Orcish Mines
  6674 | Orc:2    | Found a staircase to the Elven Halls.
  6681 | Orc:2    | Noticed Sonja
  6960 | Orc:2    | Noticed an orc warlord
  6962 | Orc:2    | Reached XP level 13. HP: 110/116 MP: 12/12
  6971 | Orc:2    | Reached skill level 15 in Armour
  6972 | Orc:2    | Killed an orc warlord
  7224 | Orc:2    | Received a gift from Trog
  7987 | Orc:2    | Found Umnuny's Antique Weapon Boutique.
  7990 | Orc:2    | Found Dunext's Assorted Antiques.
  7991 | Orc:2    | Found Leczad's Jewellery Boutique.
  7992 | Orc:2    | Found Mimanumn's Food Shop.
  8004 | Orc:2    | Bought a crude chain mail for 294 gold pieces
  8004 | Orc:2    | Bought a blackened peridot ring for 155 gold pieces
  8004 | Orc:2    | Bought an embroidered hat for 310 gold pieces
  8004 | Orc:2    | Bought a bubbling sapphire potion for 27 gold pieces
  8004 | Orc:2    | Bought a viscous coppery potion for 27 gold pieces
  8004 | Orc:2    | Bought a bubbling sapphire potion for 27 gold pieces
  8018 | Orc:2    | Identified the cursed +0 chain mail of Ralecasi {rCorr Int+4 Dex+4} (You bought it in a shop on level 2 of the Orcish Mines)
  8051 | Orc:2    | Bought an uncursed ring of poison resistance for 260 gold pieces
  8309 | D:7      | Bought a scroll of recharging for 104 gold pieces
  8309 | D:7      | Bought a scroll of recharging for 104 gold pieces
  8309 | D:7      | Bought a scroll of recharging for 104 gold pieces
  8309 | D:7      | Bought a scroll of fear for 38 gold pieces
  8364 | Lair:1   | Entered Level 1 of the Lair of Beasts
  8515 | Lair:2   | Identified a scroll of acquirement
  8538 | Lair:2   | Found a labyrinth entrance.
  8541 | Lab      | Entered a labyrinth
  8603 | Lab      | Noticed a minotaur
  8608 | Lab      | Killed a minotaur
  8611 | Lab      | Got a pitted eveningstar {crush}
  8626 | Lab      | Identified the cursed +2 eveningstar of Fury {crush, Int+3 Dex+3 Stlth+} (You took it off a minotaur in a labyrinth)
  8630 | Lab      | Identified the Volume of Ice and Combat Magic
  8709 | Lair:2   | Noticed Gastronok
  8722 | Lair:2   | Killed Gastronok
  8722 | Lair:2   | Reached skill level 1 in Evocations
  8885 | Lair:3   | Found a staircase to the Shoals.
  8885 | Lair:3   | Noticed Snorg
  8894 | Lair:3   | Killed Snorg
  8930 | Shoals:1 | Entered Level 1 of the Shoals
  8949 | Shoals:2 | You fall through a shaft!
  8969 | Shoals:3 | Noticed Polyphemus
  8981 | Shoals:3 | Reached XP level 14. HP: 98/127 MP: 10/14
  9002 | Shoals:3 | Killed Polyphemus
  9050 | Shoals:3 | Received a gift from Trog
  9156 | Shoals:3 | Found a frozen archway.
  9199 | IceCv    | Entered an ice cave
  9749 | IceCv    | Got a fine jade ring
  9757 | IceCv    | Identified the ring of Mienaijush {*Tele Dex+2} (You found it in an ice cave)
  9867 | Shoals:3 | Found Suuvej's Book Boutique.
  9884 | Shoals:4 | Entered Level 4 of the Shoals
 10257 | Shoals:4 | Reached XP level 15. HP: 114/136 MP: 14/17
 10293 | Shoals:4 | Reached skill level 5 in Evocations
 10400 | Shoals:4 | Reached skill level 10 in Dodging
 10785 | Shoals:4 | Noticed Ilsuiw
 10941 | Shoals:4 | Killed Ilsuiw
 11065 | Shoals:4 | Got a barnacled rune of Zot
 11167 | Shoals:2 | Upgraded the game from 0.20-a0-16-g0876c8e to 0.20-a0-150-g0ef8409
 11392 | Lair:4   | Found a staircase to the Snake Pit.
 11404 | Snake:1  | Entered Level 1 of the Snake Pit
 11499 | Snake:1  | Reached XP level 16. HP: 123/147 MP: 13/19
 11635 | Snake:2  | Noticed Nikola
 11641 | Snake:1  | Killed Nikola
 11859 | Snake:3  | Noticed Oroborous's ghost (adept DsWr)
 11885 | Snake:3  | Killed Oroborous's ghost
 12098 | Snake:3  | Found Byoti's Gadget Boutique.
 12207 | Snake:3  | Reached skill level 15 in Fighting
 12241 | Snake:4  | Entered Level 4 of the Snake Pit
 12946 | Snake:4  | Received a gift from Trog
 12970 | Snake:4  | Reached XP level 17. HP: 115/158 MP: 20/20
 13196 | Snake:4  | Received a gift from Trog
 13204 | Snake:4  | Got a serpentine rune of Zot
 13290 | Snake:3  | Found an iron altar of Okawaru.
 13416 | Lair:4   | Got an ichor-stained scale mail
 13427 | Lair:4   | Identified the +6 scale mail of Soamyetirr {Str+2 Dex+2} (You found it on level 4 of the Lair of Beasts)
 13698 | D:13     | Noticed Rupert
 13721 | D:13     | Killed Rupert
 14105 | D:13     | Found Wenaz's Distillery.
 14111 | D:13     | Bought a potion of cancellation for 120 gold pieces
 14111 | D:13     | Bought a potion of heal wounds for 75 gold pieces
 14111 | D:13     | Bought a potion of curing for 45 gold pieces
 14111 | D:13     | Bought a potion of curing for 45 gold pieces
 14111 | D:13     | Bought a potion of curing for 45 gold pieces
 14136 | D:13     | Noticed Kirke
 14151 | D:13     | Killed Kirke
 14301 | D:14     | Received a gift from Trog
 14339 | D:14     | Found a flagged portal.
 14356 | Bailey   | Entered a bailey
 14389 | Bailey   | Noticed miasmata's ghost (novice MiFi)
 14392 | Bailey   | Killed miasmata's ghost
 14583 | D:14     | Found a gate to the Vaults.
 14592 | Vaults:1 | Entered Level 1 of the Vaults
 14592 | Vaults:1 | Found Waix's Book Shoppe.
 14809 | Vaults:1 | Received a gift from Trog
 14817 | Vaults:1 | Reached ****** piety under Trog
 14971 | Vaults:2 | Got a pair of fine gloves
 14982 | Vaults:2 | Identified the +1 pair of gloves "Myurhuc" {Int-5 Dex+10} (You acquired it on level 2 of the Vaults)
 14982 | Vaults:2 | Lost intelligence.
 15039 | Vaults:3 | Reached XP level 18. HP: 170/170 MP: 21/21
 15200 | Vaults:3 | Found a staircase to the Crypt.
 15237 | Vaults:2 | Received a gift from Trog
 15335 | Vaults:2 | Noticed Frederick
 15350 | Vaults:2 | Killed Frederick
 15445 | Vaults:2 | Paralysed by an ogre mage for 7 turns
 15558 | Vaults:2 | Found a hide-covered altar of Uskayaw.
 15711 | Vaults:1 | Received a gift from Trog
 16046 | Vaults:4 | Reached XP level 19. HP: 174/178 MP: 8/22
 16093 | Vaults:5 | Entered Level 5 of the Vaults
 16281 | Vaults:4 | Received a gift from Trog
 16403 | Vaults:5 | Noticed a golden dragon
 16419 | Vaults:5 | Killed a golden dragon
 16442 | Vaults:5 | HP: 5/179 [tengu reaver/bolt of magma (8)]
 16690 | Vaults:5 | Got a pair of ancient boots
 16746 | Vaults:5 | Received a gift from Trog
 16778 | Vaults:5 | Identified the +3 pair of boots of Jioro {+Blink rN+ Int+4 Dex-5} (You found it on level 5 of the Vaults)
 16832 | Vaults:5 | Reached XP level 20. HP: 170/189 MP: 18/23
 16937 | Vaults:5 | Noticed an ancient lich
 16960 | Vaults:5 | Killed an ancient lich
 16960 | Vaults:5 | Reached skill level 15 in Dodging
 16969 | Vaults:5 | HP: 8/191 [ettin/dire flail (8)]
 16987 | Vaults:5 | Received a gift from Trog
 17008 | Vaults:5 | Noticed a golden dragon
 17020 | Vaults:5 | Killed a golden dragon
 17199 | Vaults:5 | Got a silver rune of Zot
 17283 | Vaults:5 | Found Ulism's Weapon Emporium.
 17295 | Vaults:5 | Identified the Reference Book on Poison and Combat Magic
 17448 | Vaults:5 | Reached XP level 21. HP: 189/199 MP: 24/24
 17521 | Vaults:5 | Got a pair of ichor-stained boots
 17561 | Vaults:5 | Identified the -5 pair of boots of Democracy {Str+9} (You found it on level 5 of the Vaults)
 18011 | Temple   | Entered the Ecumenical Temple
 18051 | Temple   | Fell from the grace of Trog
 18051 | Temple   | Became a worshipper of the Shining One
 18201 | D:12     | Bought a +0 battleaxe for 97 gold pieces
 18532 | Crypt:1  | Entered Level 1 of the Crypt
 18604 | Crypt:1  | Reached * piety under the Shining One
 18672 | Crypt:1  | Noticed Khufu
 18672 | Crypt:1  | Noticed a greater mummy
 18677 | Crypt:1  | Noticed a greater mummy
 18681 | Crypt:1  | Killed Khufu
 18681 | Crypt:1  | Reached ** piety under the Shining One
 18682 | Crypt:1  | Killed a greater mummy
 18699 | Crypt:1  | Killed a greater mummy
 18779 | Crypt:2  | Reached *** piety under the Shining One
 18825 | Crypt:2  | Reached **** piety under the Shining One
 18883 | Crypt:3  | Entered Level 3 of the Crypt
 18943 | Crypt:1  | Reached ***** piety under the Shining One
 19256 | D:15     | Entered Level 15 of the Dungeon
 19323 | D:15     | Learned a level 2 spell: Repel Missiles
 19325 | D:15     | Learned a level 1 spell: Apportation
 19328 | D:15     | Learned a level 2 spell: Blink
 19646 | D:15     | Found a staircase to the Depths.
 19663 | Depths:1 | Entered Level 1 of the Depths
 19739 | Depths:1 | Reached skill level 1 in Invocations
 19963 | Depths:1 | Found a corrupted altar of Lugonu.
 19964 | Depths:1 | Found a one-way gate to the infinite horrors of the Abyss.
 19973 | Depths:1 | Voluntarily entered the Abyss.
 19973 | Abyss:1  | Found a corrupted altar of Lugonu.
 20148 | Abyss:2  | Gained mutation: You tend to lose your temper in combat. [a neqoxec]
 20246 | Abyss:2  | Paralysed by Trog for 5 turns
 20522 | Abyss:3  | Reached skill level 1 in Spellcasting
 20703 | Abyss:3  | Reached ****** piety under the Shining One
 20878 | Abyss:3  | Lost intelligence.
 20952 | Abyss:3  | Reached skill level 1 in Translocations
 20954 | Abyss:3  | Reached XP level 22. HP: 70/211 MP: 8/25
 20960 | Abyss:3  | Paralysed by accursed screaming for 1 turns
 20969 | Abyss:3  | Got an abyssal rune of Zot
 20969 | Abyss:3  | Paralysed by accursed screaming for 2 turns
 20993 | Depths:1 | Escaped the Abyss
 21185 | Depths:2 | Found a shattered altar of Ashenzari.
 21347 | Depths:1 | Found a gateway to Hell.
 21828 | Depths:2 | Found a radiant altar of Vehumet.
 21829 | Depths:2 | Noticed the Enchantress
 21835 | Depths:2 | Killed the Enchantress
 21838 | Depths:2 | Got faerie dragon scales
 21839 | Depths:2 | Identified the +2 faerie dragon scales {Dex+3} (You took it off the Enchantress on level 2 of the Depths)
 21906 | Depths:3 | Found a gateway to a ziggurat.
 22050 | Depths:5 | Entered Level 5 of the Depths
 22069 | Depths:4 | Noticed a golden dragon
 22082 | Depths:4 | Killed a golden dragon
 22089 | Depths:4 | Noticed a golden dragon
 22102 | Depths:4 | Noticed a golden dragon
 22123 | Depths:4 | Killed a golden dragon
 22143 | Depths:4 | Killed a golden dragon
 22377 | Depths:3 | Identified a +8 executioner's axe of holy wrath (a +6 executioner's axe of chopping blessed by the Shining One)
 22377 | Depths:3 | Received a gift from the Shining One
 22502 | Depths:3 | Reached skill level 5 in Invocations
 22505 | Depths:3 | Reached XP level 23. HP: 75/221 MP: 15/27
 23041 | Depths:3 | Found a portal to a secret trove of treasure.
 23045 | Depths:3 | You showed the abyssal rune of Zot to enter a treasure trove
 23046 | Trove    | Entered a treasure trove
 23493 | Depths:1 | Found a basalt altar of Yredelemnul.
 23676 | Depths:2 | Paralysed by Trog for 5 turns
 23792 | Depths:3 | Found a one-way gate leading to the halls of Pandemonium.
 23801 | Pan      | Entered Pandemonium
 23944 | Pan      | Got a scintillating silver ring
 23947 | Pan      | Identified the ring of the Sybil {rN+ Stlth+} (You found it in Pandemonium)
 24068 | Pan      | Found an exit through the horrors of the Abyss.
 24188 | Pan      | Gained mutation: Your body sometimes deteriorates upon taking damage. [a neqoxec]
 24191 | Pan      | Lost mutation: You tend to lose your temper in combat. [potion of cure mutation]
 24191 | Pan      | Lost mutation: Your body sometimes deteriorates upon taking damage. [potion of cure mutation]
 24229 | Pan      | Noticed Elouvaja the pandemonium lord
 24241 | Pan      | Killed Elouvaja the pandemonium lord
 24541 | Pan      | Gained mutation: You occasionally shout uncontrollably at your foes. [a cacodemon]
 24620 | Pan      | Found an exit through the horrors of the Abyss.
 24745 | Pan      | Gained mutation: Your body sometimes deteriorates upon taking damage. [a cacodemon]
 24804 | Pan      | Noticed Oceafado the pandemonium lord
 24846 | Pan      | Killed Oceafado the pandemonium lord
 25115 | Pan      | Found an exit through the horrors of the Abyss.
 25126 | Pan      | Gained mutation: You are weak. (Str -2) [a neqoxec]
 25130 | Pan      | Reached XP level 24. HP: 231/231 MP: 28/28
 25204 | Pan      | Gained mutation: Scrolls take you a little longer to read. [a cacodemon]
 25220 | Pan      | Lost intelligence.
 25258 | Pan      | Found an exit through the horrors of the Abyss.
 25277 | Pan      | Lost mutation: You occasionally shout uncontrollably at your foes. [potion of cure mutation]
 25277 | Pan      | Lost mutation: You are weak. (Str -2) [potion of cure mutation]
 25277 | Pan      | Lost mutation: Your body sometimes deteriorates upon taking damage. [potion of cure mutation]
 25277 | Pan      | Lost mutation: Scrolls take you a little longer to read. [potion of cure mutation]
 25299 | Pan      | Upgraded the game from 0.20-a0-150-g0ef8409 to 0.20-a0-186-g67c1175
 25448 | Pan      | Paralysed by Trog for 6 turns
 25593 | Pan      | Noticed Biabar the pandemonium lord
 25602 | Pan      | Killed Biabar the pandemonium lord
 25686 | Pan      | Found an exit through the horrors of the Abyss.
 25717 | Pan      | Noticed Ecruf the pandemonium lord
 25738 | Pan      | Killed Ecruf the pandemonium lord
 25856 | Pan      | Entered the realm of Cerebov.
 25956 | Pan      | Found an exit through the horrors of the Abyss.
 25998 | Pan      | Noticed Cerebov
 26010 | Pan      | Killed Cerebov
 26040 | Pan      | Got a fiery rune of Zot
 26064 | Pan      | Identified the Catalogue of Twisted Talismans
 26080 | Pan      | Got a transparent gossamer ring
 26081 | Pan      | Identified the ring of Mysticism {*Contam rF+ MR+ Int+3} (You found it in Pandemonium)
 26106 | Pan      | Identified Sif Muna's Papyrus of Protection and Envenoming
 26112 | Pan      | Got a flickering pewter ring
 26114 | Pan      | Identified the ring "Irghaimeo" {Int+3 SInv} (You found it in Pandemonium)
 26260 | Pan      | Reached skill level 10 in Invocations
 26375 | Pan      | Found an exit through the horrors of the Abyss.
 26409 | Pan      | Reached skill level 27 in Armour
 26520 | Pan      | Found an exit through the horrors of the Abyss.
 26567 | Pan      | Noticed Veif the pandemonium lord
 26667 | Pan      | Reached skill level 1 in Crossbows
 26677 | Pan      | Found an exit through the horrors of the Abyss.
 26786 | Pan      | Noticed Zeczurch the pandemonium lord
 26793 | Pan      | Killed Zeczurch the pandemonium lord
 26919 | Pan      | Reached XP level 25. HP: 57/238 MP: 11/29
 27025 | Pan      | Was forgiven by Trog
 27651 | Pan      | Found a glowing silver altar of Zin.
 28083 | Pan      | Reached skill level 27 in Axes
 28544 | Pan      | Noticed Yliameot the pandemonium lord
 28558 | Pan      | Killed Yliameot the pandemonium lord
 28720 | Pan      | Found an exit through the horrors of the Abyss.
 28778 | Pan      | Noticed Wantamn the pandemonium lord
 28795 | Pan      | Mangled by Wantamn the pandemonium lord

Vault maps used:
D:1:      scummos_arrival_hexagon
D:2:      chequers_temple_overflow_minitemple, uniq_iyjb,
          uniq_crazy_yiuf_cottage
D:3:      nicolae_ru_sacrificial_ziggurat
D:4:      minmay_diamond_boxcup, marbit_many_paths, serial_shops, shop
D:5:      first_bread, nrook_loot_triangle, minmay_misc_feat_plants,
          kennysheep_generic_room_4
D:7:      serial_shops, shop, shop, nicolae_shop_behind_doors, shop,
          uniq_menkaure
D:8:      kennysheep_ambush_hall, minmay_lair_entry_grove
D:9:      serial_shops, shop, hangedman_fish_farm, tso_altar
D:10:     uniq_erica, uniq_grum
D:11:     lemuel_flame_loot_2
D:12:     orc_temple, kennysheep_orc_monster_closet_entryway, serial_shops,
          bzr_entry_islet, shop, kennysheep_mini_moat, serial_co_window_serial,
          co_window_paths_a, co_window_paths_b, co_window_of_opportunity_a,
          co_window_cross_1, co_window_paths_b, co_window_corner_a,
          co_window_of_opportunity_a, co_window_of_opportunity_b,
          co_window_of_opportunity_c, co_window_corner_b, co_window_cross_4,
          co_window_unsneaky_path_c, glass_columns_c,
          minmay_misc_feat_four_crosses, onia_ninara_cookie, uniq_maurice,
          uniq_urug, uniq_nergalle
D:13:     minmay_twisted_water, serial_shops, kennysheep_mini, uniq_kirke,
          uniq_rupert
D:14:     david_vaults_4, enter_bailey_3, uniq_louise, uniq_frances
D:15:     hangedman_depths_entry_try_elsewhere_first
Temple:   eino_narrow_crystal_temple
Lair:1:   basic_altar
Lair:2:   lab_entry_generic, uniq_gastronok
Lair:3:   elwin_shoals_entry_stream, uniq_snorg
Lair:4:   minmay_snake_entry_guardpost_medium, pond, lemuel_fruit_fields
Lair:5:   minmay_slime_entry_eyes
Shoals:3: portal_ice_cave_entry_pillars_2, serial_shops, shop_fountains,
          nicolae_shoals_square_sea_wall, nicolae_shoals_cliffside_cave,
          uniq_polyphemus
Shoals:4: shoals_end_hangedman, shoals_ilsuiw_alternative
Snake:1:  basic_altar
Snake:2:  fake_guardian_serpent_vault, uniq_nikola
Snake:3:  basic_altar, serial_shops, shop
Snake:4:  grunt_snake_rune_pools, serial_bayou_pond_c
Orc:2:    st_orc_pillars, hangedman_minor_magic, uniq_sonja
Vaults:1: vaults_mumra_minichess_inversion, hangedman_vaults_slither, v_misc_24,
          nicolae_vaults_network_quinsquares, ontoclasm_vaults_claustrophobia,
          ontoclasm_vaults_eye, grunt_vaults_hallway_short, serial_shops, shop
Vaults:2: dpeg_vaults_waves, vaults_dpeg_encased_lava,
          hangedman_vaults_restitches, v_misc_29, v_misc_1,
          nicolae_vaults_back_hallway, vaults_standard_mumra_enter_the_diamond,
          v_misc_1, nicolae_vaults_little_squares_3, hangedman_vaults_nodes,
          basic_altar, uniq_frederick
Vaults:3: minmay_crypt_entry_simple_corners, ontoclasm_vaults_bender,
          nicolae_vaults_circle_grid_b, nicolae_vaults_little_ls,
          nicolae_vaults_sealed_display, v_misc_9,
          nicolae_vaults_little_squares_6, uniq_mennas
Vaults:4: nicolae_vaults_little_squares_1, grunt_vaults_funnel,
          vaults_room_fancy_cross, vaults_room_door_ring, vaults_room_hallway,
          v_misc_12, v_misc_22, ontoclasm_vaults_fault, ontoclasm_vaults_tryst,
          hangedman_vaults_trim, nicolae_vaults_little_squares_5, st_lines,
          dpeg_vaults_monster_row, hangedman_vaults_corner_blocks,
          nicolae_vaults_shelves_hall, nicolae_vaults_network_square,
          nicolae_vaults_border_crossing, vaults_dpeg_hooks, serial_shops,
          shop_statue, nicolae_shop_statue_plus, shop
Crypt:1:  grunt_crypt_arrival_webbed, uniq_khufu
Crypt:2:  basic_stair_grate_trap, roderic_lattice_octagonal_star
Crypt:3:  cryptofortress_bobbens
Depths:1: abyss_entry_flame_altar, pf_coc_iceberg, serial_shops,
          nicolae_shop_waterfront, nicolae_wwwww, hangedman_blasphemy
Depths:2: grunt_forest_end_shrine, grunt_hell_entry_dis_mu, ashenzari_altar_1
Depths:3: hangedman_cross_stitches, enter_ziggurat_c, hangedman_decor_points,
          hell_entry, rand_demon_pan_entry_1, enter_trove_3,
          kennysheep_generic_room_10, minmay_staircase_bubble,
          serial_bayou_shore_a, firewood_loft
Depths:4: minmay_strange_plus, abyss_entry, serial_shops, shop,
          grunt_mini_vestibule, serial_sigils, serial_sigils_hangedman_clutch,
          serial_sigils_hangedman_stare, serial_sigils_hangedman_carve,
          serial_sigils_hangedman_leer, serial_bayou_pond_b,
          lightli_fourway_metalbox
Depths:5: hangedman_slaughterboxes, abyss_entry, hell_entry
Abyss:4:  evilmike_abyss_exit_plants, evilmike_abyss_exit_kraken,
          evilmike_abyss_exit_5
Pan:      evilmike_mini_pan_branches, evilmike_mini_pan_pillars_b,
          pan_blood_fountain_small, rand_demon_7, pan_blood_fountain,
          rand_demon_8, pan_blood_fountain_small, evilmike_mini_pan_corridor,
          rand_demon_5, pan_blood_fountain_2, pan_blood_fountain_small,
          grunt_pan_in_and_out, grunt_pan_in_and_out, pan_blood_fountain,
          pan_blood_fountain_small, rand_demon_3, rand_demon_8,
          reaverb_pan_squares, nicolae_pan_cerebovesque_4,
          evilmike_mini_pan_murderfest, evilmike_mini_pan_corner, rand_demon_1,
          evilmike_mini_pan_pillars_b, regret_index_pan_draining_boxed, cerebov,
          grunt_pan_frozen_over, rand_demon_9, nicolae_pan_strange_glyphs,
          evilmike_mini_pan_T, nicolae_pan_mnolegish_4, evilmike_mini_pan_T,
          pan_blood_fountain_small, evilmike_mini_pan_other_thingy,
          evilmike_mini_pan_3x3, evilmike_mini_pan_layers, pan_blood_fountain,
          nicolae_pan_lom_lobonic_1, evilmike_holy_pan,
          evilmike_mini_pan_thingy, nicolae_pan_mnolegish_2,
          evilmike_mini_pan_3x3, nicolae_pan_mnolegish_5,
          evilmike_mini_pan_branches
Lab:      nicolae_lab_dead_adventurers, nicolae_lab_swirl,
          nicolae_lab_starburst, nicolae_lab_flowing_pool, nicolae_lab_stuck,
          labyrinth_skeletal_remains, lab_fountain, nicolae_lab_plus
Bazaar:   bazaar_minmay_row
Trove:    trove_hunter_1
Bailey:   bailey_axe_4, bailey
IceCv:    ice_cave_caverns_02

Skill      XL: |  1  2  3  4  5  6  7  8  9 10 11 12 13 14 15 16 17 18 19 20 21 22 23 24 25 |
---------------+----------------------------------------------------------------------------+-----
Axes           | 4 5 7 8 9 11 13 14 15 17 18 19 20 22 24 25 26 27 | 27.0
Fighting       | 4 5 7 8 9 11 12 13 14 16 17 18 19 20 21 22 23 | 23.2
Armour         | 3 6 10 11 12 14 16 17 18 19 20 21 22 23 25 27 | 27.0
Dodging        | 3 4 9 10 12 13 14 15 16 17 | 17.8
Maces & Flails | 1 |  1.3
Evocations     | 2 4 6 7 8 |  8.3
Invocations    | 2 5 8 10 | 10.5
Spellcasting   | 1 3 |  3.7
Translocations | 1 3 4 |  4.1
Crossbows      | 1 |  1.6
Throwing       | |  0.4

Action                   |  1- 3 |  4- 6 |  7- 9 | 10-12 | 13-15 | 16-18 | 19-21 | 22-24 | 25-27 || total
-------------------------+-------+-------+-------+-------+-------+-------+-------+-------+-------++-------
Melee: Hand axe          |    74 |   103 |   284 |   641 |       |       |       |       |       ||  1102
       Headbutt          |     6 |    15 |    55 |   175 |   217 |   270 |   299 |   280 |    74 ||  1391
       Battleaxe         |       |       |       |    32 |   926 |   537 |       |       |       ||  1495
       Flail             |       |       |       |    14 |       |       |       |       |       ||    14
       Executioner's axe |       |       |       |       |       |   458 |   917 |   926 |   232 ||  2533
 Fire: Arbalest          |       |       |       |     5 |     5 |       |       |     2 |       ||    12
Throw: Throwing net      |       |       |     1 |       |     4 |       |       |       |       ||     5
 Cast: Apportation       |       |       |       |       |       |       |       |     5 |       ||     5
Invok: Berserk           |     1 |     2 |     5 |     7 |    10 |     6 |     4 |       |       ||    35
       Trog's Hand       |       |     1 |     7 |    19 |    53 |    12 |     7 |       |       ||    99
       Burn Spellbooks   |       |       |       |       |     3 |     2 |     5 |       |       ||    10
       Brothers in Arms  |       |       |       |       |     3 |       |     1 |       |       ||     4
       Divine Shield     |       |       |       |       |       |       |       |     6 |       ||     6
       Brand Weapon With |       |       |       |       |       |       |       |     1 |       ||     1
       Summon Divine War |       |       |       |       |       |       |       |     2 |     1 ||     3
Evoke: Wand              |       |       |       |       |    28 |    10 |    19 |    12 |     2 ||    71
       Lamp of fire      |       |       |       |       |       |       |       |     2 |     2 ||     4
  Use: Scroll            |       |       |    11 |     1 |    23 |    13 |    16 |    12 |     1 ||    77
       Potion            |       |       |     1 |     5 |     7 |     4 |     6 |     8 |       ||    31
 Stab: Petrified         |       |       |       |       |     8 |       |       |       |       ||     8
       Petrifying        |       |       |       |       |     1 |       |       |       |       ||     1
       Invisible         |       |       |       |       |     3 |       |       |       |       ||     3
       Distracted        |       |       |       |       |       |       |     2 |       |       ||     2
  Eat: Chunk             |     1 |     2 |     6 |    31 |    31 |    16 |       |     1 |       ||    88
       Pizza             |     1 |       |     2 |       |       |     1 |       |     2 |       ||     6
       Beef jerky        |       |     1 |     1 |       |       |     1 |     2 |       |       ||     5
       Meat ration       |       |       |     2 |     1 |     2 |     3 |     2 |     3 |     2 ||    15
       Royal jelly       |       |       |       |       |     1 |     1 |     2 |     1 |       ||     5
       Fruit             |       |       |       |       |     1 |       |     2 |       |       ||     3
Armor: Animal skin       |     5 |       |       |       |       |       |       |       |       ||     5
       Chain mail        |    12 |    44 |    92 |    31 |       |       |       |       |       ||   179
       Plate armour      |       |       |       |   315 |    94 |       |       |       |       ||   409
       Crystal plate arm |       |       |       |       |   651 |   687 |   510 |       |       ||  1848
       Gold dragon scale |       |       |       |       |       |       |   241 |   660 |   104 ||  1005
Dodge: Dodged            |    53 |    46 |   105 |   298 |   661 |   763 |   839 |   733 |   115 ||  3613
Block: Other             |       |       |       |       |       |       |       |    36 |       ||    36
